 Dungeon Crawl Stone Soup version 0.20.0-10-g0535bb4 (webtiles) character file.

27 maniacrov the Caller (level 2, -1/15 HPs)
             Began as a Deep Elf Summoner on June 8, 2017.
             Slain by an adder (5 damage)
             ... on level 2 of the Dungeon.
             The game lasted 00:06:10 (1154 turns).

maniacrov the Caller (Deep Elf Summoner)            Turns: 1154, Time: 00:06:11

Health: -1/15      AC:  4    Str: 10    XL:     2   Next: 93%
Magic:  3/8        EV: 13    Int: 19    God:
Gold:   55         SH:  0    Dex: 15    Spells: 5/8 levels left

rFire    . . .     SeeInvis .   e - +0 short sword
rCold    . . .     Gourm    .   (no shield)
rNeg     . . .     Faith    .   a - +0 robe
rPois    .         Spirit   .   l - +0 helmet
rElec    .         Reflect  .   (no cloak)
rCorr    .         Harm     .   (no gloves)
MR       .....                  g - +0 pair of boots
Stlth    ++........             (no amulet)
Regen    0.1/turn               (no ring)
MPRegen  0.2/turn               (no ring)

@: mighty
A: no striking features
a: no special abilities


You were on level 2 of the Dungeon.
You were not hungry.

You visited 1 branch of the dungeon, and saw 2 of its levels.

You collected 55 gold pieces.

Inventory:

Hand Weapons
 e - a +0 short sword (weapon)
 i - a +2 spear of flaming
Armour
 a - a +0 robe (worn)
 g - a +0 pair of boots (worn)
 l - a +0 helmet (worn)
Scrolls
 f - 2 scrolls of remove curse {unknown}
 h - a scroll of teleportation {unknown}
 k - a scroll of identify {unknown}
 m - a scroll of fog {unknown}
Books
 b - a book of Callings

   Spells                             Type                      Level
   a - Summon Small Mammal            Summoning                    1
   b - Call Imp                       Summoning                    2
   c - Call Canine Familiar           Summoning                    3
   d - Summon Guardian Golem          Hexes/Summoning              3
   e - Summon Lightning Spire         Summoning/Air                4
   f - Summon Ice Beast               Ice/Summoning                4
Comestibles
 c - 3 bread rations
 d - 3 fruits


   Skills:
   Level 0.1 Axes
 + Level 2.9 Dodging
 + Level 2.4 Stealth
 + Level 3.5 Spellcasting
 + Level 4.8 Summonings


You had 5 spell levels left.
You knew the following spells:

 Your Spells              Type           Power        Failure   Level  Hunger
a - Summon Small Mammal   Summ           ###.         1%          1    None
b - Call Imp              Summ           ###.....     3%          2    ##.....


Dungeon Overview and Level Annotations

Branches:
Dungeon (2/15)

Altars:


Message History

The goblin completely misses your crimson imp.
Your crimson imp closely misses the adder.
Your quokka closely misses the adder.
The adder bites your quokka.
Your quokka dies!
Your quokka's corpse disappears in a puff of smoke!
The goblin misses your crimson imp.
Your crimson imp closely misses the adder.
Casting: Summon Small Mammal
Confirm with . or Enter, or press ? or * to list all spells.
Your crimson imp barely misses the goblin.
Your rat bites the adder.
You miss the adder.
The adder is severely wounded.
The adder bites you but does no damage.
Your rat bites the adder but does no damage.
You miss the adder.
The adder is severely wounded.
The adder barely misses you. The adder bites you.
You die...

#### ..... #####
#######...... #...#
#5r.g...K.... #...#
#g######r....
########...########.# ..?
...........##....g#r# .
............#.#.@S..#
............#.#..r###.###
.........................
............#.........##.#
............###...#####
.## ..........#...+...+ ..
###'#####+#####...# ####.#
###.##............# #....#
#...##............# #....#


You could see an adder, a quokka, a goblin and a friendly rat.

Vanquished Creatures
  A goblin (D:1)
  2 hobgoblins (D:1)
  A jackal (D:2)
  A frilled lizard (D:2)
  A kobold (D:2)
  2 rats (D:1)
8 creatures vanquished.

Vanquished Creatures (collateral kills)
  An adder (D:2)
  A dart slug (D:2)
  2 leopard geckos
  2 giant cockroaches (D:1)
  A hobgoblin (D:1)
  A jackal (D:2)
  A quokka (D:1)
  A bat (D:1)
  A kobold (D:1)
  2 rats (D:1)
13 creatures vanquished.

Grand Total: 21 creatures vanquished

Notes
Turn   | Place    | Note
-------+----------+-------------------------------------------
     0 | D:1      | maniacrov the Deep Elf Summoner began the quest for the Orb.
     0 | D:1      | Reached XP level 1. HP: 10/10 MP: 6/6
   531 | D:1      | Reached XP level 2. HP: 15/15 MP: 6/8
   687 | D:1      | Learned a level 2 spell: Call Imp
  1154 | D:2      | Slain by an adder

Action                   || total
-------------------------++-------
Melee: Hand axe          ||    14
       Short sword       ||    39
 Cast: Summon Small Mamm ||    22
       Call Imp          ||     4
  Use: Potion            ||     1
 Stab: Sleeping          ||     1
  Eat: Fruit             ||     3
Armor: Robe              ||    13
Dodge: Dodged            ||    45
